 Dungeon Crawl Stone Soup version 0.25-a0-189-gf71692caf1 (console) character file.

Game seed: 13691529440781917164, levelgen mode: deterministic

227 Kagalorn the Sneak (level 5, -6/24 HPs)
             Began as a Spriggan Enchanter on Nov 29, 2019.
             Killed from afar by a white imp (8 damage)
             ... with a puff of frost
             ... summoned by Natasha
             ... on level 3 of the Dungeon.
             The game lasted 00:10:45 (2924 turns).

Kagalorn the Sneak (Spriggan Enchanter)             Turns: 2924, Time: 00:10:46

Health: -6/24      AC:  3    Str:  4    XL:     5   Next: 70%
Magic:  2/12       EV: 17    Int: 17    God:
Gold:   156        SH:  5    Dex: 17    Spells: 6/12 levels left

rFire    . . .     SeeInvis +   a - +1 short sword (holy)
rCold    . . .     Gourm    .   w - +0 buckler
rNeg     . . .     Faith    .   b - +0 robe
rPois    .         Spirit   .   (helmet restricted)
rElec    .         Reflect  .   x - +0 cloak
rCorr    .         Harm     .   (gloves unavailable)
MR       .....                  (boots unavailable)
Stlth    ++++......             (no amulet)
HPRegen  0.08/turn              (no ring)
MPRegen  0.13/turn              (no ring)

@: very slightly contaminated, slowed, quick
A: very small, unfitting armour, see invisible, herbivore, speed 3, slow
metabolism 2
a: no special abilities


You were on level 3 of the Dungeon.
You were near starving.

You visited 1 branch of the dungeon, and saw 3 of its levels.

You collected 156 gold pieces.

Inventory:

Hand Weapons
 a - a +1 short sword of holy wrath (weapon)
 c - a +1 dagger
Missiles
 h - 77 arrows
 j - 43 stones
 r - 29 bolts
 y - 7 poisoned darts (quivered)
Armour
 b - a +0 robe (worn)
 w - a +0 buckler (worn)
 x - a +0 cloak (worn)
Jewellery
 t - a +5 ring of intelligence {unknown}
Scrolls
 e - a scroll of magic mapping {unknown}
 f - a scroll of immolation {unknown}
 i - 2 scrolls of enchant armour {unknown}
 m - a scroll of amnesia {unknown}
 n - 2 scrolls of identify {unknown}
 o - 2 scrolls of fog {unknown}
 p - 4 scrolls of remove curse {unknown}
 v - 2 scrolls of enchant weapon {unknown}
Potions
 g - 2 potions of flight
 k - a potion of heal wounds {unknown}
 l - a potion of curing
 q - a potion of might {unknown}
 s - a potion of berserk rage {unknown}
 u - a potion of haste {unknown}
Comestibles
 d - 7 rations


   Skills:
 - Level 1.1 Short Blades
 - Level 3.0 Dodging
 + Level 7.3 Stealth
 * Level 0.4 Shields
 * Level 4.4 Spellcasting
 + Level 4.7 Hexes
 + Level 0.8 Ice Magic


You had 6 spell levels left.
You knew the following spells:

 Your Spells              Type           Power        Failure   Level  Hunger
a - Ensorcelled Hibernat  Hex/Ice        ##....       12%         2    ##.....
b - Confuse               Hex            ###.....     11%         3    ###....
p - Corona                Hex            ###....      3%          1    None

Your spell library contained the following spells:

 Spells                   Type           Power        Failure   Level  Hunger
 Tukima's Dance           Hex            ###.....     11%         3    ###....
 Dazzling Spray           Conj/Hex       ##....       28%         3    ###....


Dungeon Overview and Level Annotations

Branches:
Dungeon (3/15)

Altars:
Dithmenos
Kikubaaqudgha
Nemelex Xobeh
Okawaru
Uskayaw
Vehumet
The Shining One

Annotations:
D:3 Natasha


Innate Abilities, Weirdness & Mutations

You are very small and have problems with some larger weapons.
You are too small for most types of armour.
You have supernaturally acute eyesight. (SInv)
You are a herbivore.
You cover ground extremely quickly.
You need to consume almost no food.


Message History

Natasha claws you but does no damage.
You hit Natasha but do no damage.
Natasha is moderately wounded.
The goblin completely misses you.
Natasha casts a spell.
The goblin completely misses you.
Natasha stares at you and mumbles some strange words.
The magic dart hits you.
* * * LOW HITPOINT WARNING * * *
You hit Natasha but do no damage.
Natasha is moderately wounded.
You block the goblin's attack. You block Natasha's attack.
You hit Natasha.
Natasha is heavily wounded.
The goblin hits you.
* * * LOW HITPOINT WARNING * * *
The white imp misses you. Natasha barely misses you. The goblin misses you.
The white imp gestures at you. The puff of frost hits you!
You die...

**,,<,,*.....#* *##
*******.............## *..
**_*_⌠**..............# ###.#
*_,,,,,*..............# #...#
***,,***..............# ##....
*,,,,,*.......÷......# ###...##
***,,***......÷.......###.....#
*,,,,,_*......g5..........##..#
***,,***......h@......###....##
*_,,,,⌠*#.....#.........#.#..#
***,,***#####*####.####.#..)##
*,,,,,* **#.# #......# ***8,,8*
*,..# #......# ,***,,**
*****.### #......# ,,*,,**
*,,,..* #......# ,,,,** *,#..**
#......# ,,,** *,...*
###......#


You could see Natasha, a white imp and a goblin.

Vanquished Creatures
  Crazy Yiuf (D:3)
  Ijyb (D:3)
  Natasha (D:3)
  An orc wizard (D:3)
  3 adders
  2 worms (D:3)
  3 dart slugs
  A leopard gecko (D:1)
  5 orcs (D:3)
  2 ball pythons (D:1)
  13 bats
  2 bat skeletons (D:2)
  3 bat zombies (D:2)
  5 giant cockroaches
  6 goblins
  7 hobgoblins
  2 jackals (D:1)
  6 frilled lizards
  9 kobolds
  9 rats
82 creatures vanquished.

Notes
Turn   | Place    | Note
-------+----------+-------------------------------------------
     0 | D:1      | Kagalorn the Spriggan Enchanter began the quest for the
                  | Orb.
     0 | D:1      | Reached XP level 1. HP: 9/9 MP: 5/5
   170 | D:1      | Reached XP level 2. HP: 9/13 MP: 7/7
   259 | D:1      | Learned a level 2 spell: Ensorcelled Hibernation
   349 | D:1      | Reached skill level 5 in Stealth
   547 | D:1      | Reached XP level 3. HP: 9/16 MP: 8/8
  1348 | D:2      | Reached skill level 6 in Stealth
  1364 | D:2      | Reached XP level 4. HP: 15/21 MP: 10/10
  1372 | D:2      | Found an ancient bone altar of Kikubaaqudgha.
  1666 | D:3      | Found a runed translucent door.
  1667 | D:3      | Noticed Crazy Yiuf
  1667 | D:3      | HP: 1/21 [poisoned by an adder]
  1983 | D:3      | Killed Crazy Yiuf
  1983 | D:3      | Reached skill level 7 in Stealth
  1983 | D:3      | Reached XP level 5. HP: 24/24 MP: 4/11
  2000 | D:3      | Learned a level 3 spell: Confuse
  2057 | D:3      | Found a glowing golden altar of the Shining One.
  2058 | D:3      | Found a sparkling altar of Nemelex Xobeh.
  2058 | D:3      | Found a shadowy altar of Dithmenos.
  2058 | D:3      | Found a hide-covered altar of Uskayaw.
  2062 | D:3      | Found a radiant altar of Vehumet.
  2111 | D:3      | Found an iron altar of Okawaru.
  2113 | D:3      | Noticed Ijyb
  2238 | D:3      | Killed Ijyb
  2369 | D:3      | Noticed Natasha
  2569 | D:3      | Killed Natasha
  2701 | D:3      | Found an iron altar of Okawaru.
  2903 | D:3      | Noticed Natasha
  2924 | D:3      | Killed from afar by a white imp

Levels and vault maps discovered:
D:1:      eino_arrival_water_cross, layout_loops_ring, hangedman_decor_push,
          st_stairs_5, minmay_statues_item, chequers_serial_rivers_large_b,
          minmay_small_reverse_x
D:2:      layout_rooms, kennysheep_vampire_church
D:3:      layout_rooms, lemuel_crystal_altar, minitemple, uniq_ijyb,
          uniq_natasha, uniq_crazy_yiuf_cottage

Skill      XL: |  1  2  3  4  5 |
---------------+----------------+-----
Spellcasting   | 3 4 |  4.4
Hexes          | 4 |  4.7
Stealth        | 5 6 7 |  7.3
Short Blades   | |  1.1
Dodging        | |  3.0
Shields        | |  0.4
Ice Magic      | |  0.8

Action                   |  1- 3 |  4- 6 || total
-------------------------+-------+-------++-------
Melee: Short sword       |   135 |   144 ||   279
       Dagger            |     9 |       ||     9
       Unarmed           |       |     1 ||     1
 Cast: Ensorcelled Hiber |     5 |    37 ||    42
       Confuse           |       |     1 ||     1
  Use: Potion            |       |     2 ||     2
 Stab: Sleeping          |    20 |    17 ||    37
Armor: Robe              |    23 |     9 ||    32
       Skin              |       |    29 ||    29
Dodge: Dodged            |   143 |   163 ||   306
Block: Buckler           |       |    34 ||    34

Table legend:
 A = Non-vault XP
 B = Vault XP
 C = Vault XP percentage of total XP
 D = Non-vault monster count
 E = Vault monster count
 F = Vault count percentage of total count
                 A         B        C        D         E       F
            +---------+---------+-------+---------+---------+-------
      Total |     193 |     132 |  40.6 |      66 |      16 |  19.5
            +---------+---------+-------+---------+---------+-------
        D:1 |      38 |      12 |  24.0 |      22 |       8 |  26.7
        D:2 |      39 |      10 |  20.4 |      16 |       5 |  23.8
        D:3 |     116 |     110 |  48.7 |      28 |       3 |   9.7
            +---------+---------+-------+---------+---------+-------
